Flames vs Avalanche
Created - January 7, 2024 at 19:33
Goals
|
| Flames |
0 |
2 |
3 |
1 |
6 |
| Avalanche |
0 |
1 |
4 |
0 |
5 |
|
Shots
|
| Flames |
8 |
12 |
10 |
3 |
33 |
| Avalanche |
9 |
9 |
17 |
0 |
35 |
|
1st period
No Goal
Penalties :
Joel Edmundson (Col) for Holding (Minor) at 0:52, Kyle Turris (Col) for Slashing (Minor) at 3:38, Stefan Elliott (Col) for Holding (Minor) at 16:27
2nd period
1. Flames , Tanner Pearson 14 (Erik Johnson 20, Eric Staal 22) at 3:29 (PP)
2. Flames , Bryan Rust 10 (Brad Marchand 15) at 8:07
3. Avalanche , Jean-Gabriel Pageau 7 (Patric Hornqvist 22) at 19:55
Penalties :
Jean-Gabriel Pageau (Col) for Hooking (Minor) at 2:29, Eric Staal (Cal) for Tripping (Minor) at 10:10, Anders Lee (Cal) for Interference (Minor) at 14:00
3rd period
4. Flames , Sami Vatanen 6 (Jimmy Hayes 26, Patrik Berglund 15) at 5:57
5. Flames , Bryan Rust 11 (Eric Staal 23, Brad Marchand 16) at 6:13
6. Flames , Jake DeBrusk 6 (Sami Vatanen 14, Erik Johnson 21) at 7:06
7. Avalanche , Ryan O'Reilly 10 (Andrei Kuzmenko 15) at 8:18
8. Avalanche , Jean-Gabriel Pageau 8 (Andrei Kuzmenko 16) at 11:11 (PP)
9. Avalanche , Andrei Kuzmenko 19 (Ryan O'Reilly 15) at 14:31
10. Avalanche , Jean-Gabriel Pageau 9 (Jacob Slavin 9, Andrei Kuzmenko 17) at 16:25
Penalties :
David Rundblad (Col) for Tripping (Minor) at 1:12, David Savard (Cal) for Tripping (Minor) at 11:04
Overtime #1
11. Flames , Tanner Pearson 15 (Eric Staal 24) at 0:08
Penalties :
No Penalty
Goalie Stats
Christopher Gibson (Cal), 30 saves from 35 shots - (0.857), W, 16-4-0, 60:08 minutes
Semyon Varlamov (Col), 27 saves from 33 shots - (0.818), OTL, 1-6-1, 60:08 minutes
Players Stats for Flames
Player Name G A P +/- PIM S H SB GA TA FO MP PP MP PK MP
------------------------------------------------------------------------------------
Anders Lee 0 0 0 0 2 0 0 0 0 0 2/2 12:16 0:03 0:00
Brad Marchand 0 2 2 1 0 3 0 0 0 0 0/0 16:59 0:00 2:16
Bryan Rust 2 0 2 1 0 2 0 1 0 0 1/1 16:14 0:00 1:16
Colby Robak 0 0 0 -1 0 0 0 1 0 0 0/0 10:46 0:00 1:30
Colin Wilson 0 0 0 0 0 0 1 0 0 0 4/7 9:37 0:00 0:49
David Savard 0 0 0 -1 2 0 1 0 0 0 0/0 9:15 0:00 0:00
David Ullstrom 0 0 0 0 0 0 1 0 0 1 0/0 11:56 0:00 0:31
Eric Staal 0 3 3 2 2 3 0 0 0 0 11/36 19:34 4:48 0:26
Erik Johnson 0 2 2 3 0 3 1 0 0 0 0/0 30:52 4:52 2:35
Esa Lindell 0 0 0 -1 0 2 1 0 1 1 0/0 18:30 4:04 0:00
Jake DeBrusk 1 0 1 0 0 3 1 0 0 1 0/0 13:45 4:05 0:36
Jimmy Hayes 0 1 1 -1 0 4 3 1 1 0 1/1 16:22 4:51 0:00
Kevin Labanc 0 0 0 0 0 2 0 0 1 0 0/0 13:09 4:05 0:00
Kyle Palmieri 0 0 0 0 0 1 0 0 0 1 0/0 11:23 0:00 0:00
Mathieu Brodeur 0 0 0 -1 0 0 0 1 0 0 0/0 20:00 4:04 1:30
Patrik Berglund 0 1 1 -1 0 3 0 1 1 0 9/15 18:05 4:05 2:16
Sami Vatanen 1 1 2 2 0 2 1 2 1 1 0/0 30:44 4:52 2:35
Tanner Pearson 2 0 2 0 0 5 0 0 1 0 0/0 16:49 4:51 0:00
Players Stats for Avalanche
Player Name G A P +/- PIM S H SB GA TA FO MP PP MP PK MP
------------------------------------------------------------------------------------
Alexander Edler 0 0 0 2 0 3 1 1 0 1 0/0 22:15 1:49 4:33
Andrei Kuzmenko 1 3 4 -1 0 4 0 1 0 0 1/1 16:45 1:39 0:00
Anthony Duclair 0 0 0 -1 0 1 1 0 0 0 0/1 12:44 0:54 0:00
David Rundblad 0 0 0 0 2 3 0 3 0 0 0/0 13:21 0:00 4:00
Erik Karlsson 0 0 0 0 0 3 1 2 0 1 0/0 19:54 1:49 0:23
Jack Johnson 0 0 0 2 0 1 3 1 1 0 0/0 22:47 2:16 3:20
Jacob Slavin 0 1 1 -1 0 2 2 1 1 2 0/0 23:01 2:16 5:36
James Van Riemsdyk 0 0 0 -1 0 2 0 0 1 0 0/0 14:22 0:48 0:25
Jared McCann 0 0 0 -1 0 1 0 0 0 0 3/5 11:38 0:42 0:20
Jean-Gabriel Pageau 3 0 3 1 2 5 4 0 0 0 12/24 22:02 1:12 3:56
Joel Edmundson 0 0 0 -2 2 0 0 0 0 0 0/0 14:03 0:00 0:00
Kyle Turris 0 0 0 -1 2 0 0 0 0 0 2/3 6:55 0:00 0:00
Luke Witkowski 0 0 0 -1 0 2 0 0 0 0 1/1 12:04 1:02 4:39
Mikkel Boedker 0 0 0 0 0 3 0 0 0 0 0/3 18:07 0:54 0:00
Patric Hornqvist 0 1 1 1 0 1 2 0 2 0 0/1 22:29 1:12 3:52
Rickard Rakell 0 0 0 1 0 0 1 0 0 0 0/0 12:07 1:53 0:00
Ryan O'Reilly 1 1 2 1 0 4 1 0 0 1 15/23 19:30 1:59 4:40
Stefan Elliott 0 0 0 -2 2 0 0 1 0 1 0/0 7:19 0:00 0:00
3 Stars
1 - Jean-Gabriel Pageau (Col)
2 - Bryan Rust (Cal)
3 - Sami Vatanen (Cal)
Power Play
Flames - 1 on 5 Attempt(s) - 20.00%
Avalanche - 1 on 3 Attempt(s) - 33.33%
Penalty Kill
Flames - 2 on 3 Attempt(s) - 66.67%
- Score 0 goal in Penalty Kill
Avalanche - 4 on 5 Attempt(s) - 80.00%
- Score 0 goal in Penalty Kill
Team Stat
Flames - Hits : 10 - Faceoff Wins : 28 - Blocked Shots : 7 - Penalty Minutes : 6
Avalanche - Hits : 16 - Faceoff Wins : 34 - Blocked Shots : 10 - Penalty Minutes : 10
Official
Referees : Conor O'Donnell and Kendrick Nicholson
Linesman : James Tobias and Scott Cherrey
Game Notes
Jean-Gabriel Pageau has scored a Hat Trick!
Finance
Level 1 -- Attendance: 6000 (100.00%) -- Ticket Income $600,000
Level 2 -- Attendance: 4687 (93.74%) -- Ticket Income $281,220
Level 3 -- Attendance: 1749 (87.45%) -- Ticket Income $61,215
Level 4 -- Attendance: 3803 (95.08%) -- Ticket Income $95,075
Luxury Box -- Attendance: 998 (99.80%) -- Ticket Income $199,600
Game was played at the Pepsi Center.
Total Attendance: 17237 (95.76%)
Total Ticket Income: $1,237,110
Other Income: $185,566
Total Income: $1,422,676
Flames
5 vs 5 Forward
Center Left Wing Right Wing Time % Phy DF OF
1 Eric Staal Brad Marchand Bryan Rust 40 1 2 2
2 Patrik Berglund Tanner Pearson Jimmy Hayes 30 1 2 2
3 Colin Wilson Jake DeBrusk Kevin Labanc 20 1 2 2
4 Anders Lee David Ullstrom Kyle Palmieri 10 1 2 2
5 vs 5 Defense
Defense Defense Time % Phy DF OF
1 Erik Johnson Sami Vatanen 40 1 2 2
2 Esa Lindell Mathieu Brodeur 30 1 2 2
3 Colby Robak David Savard 20 1 2 2
4 Erik Johnson Sami Vatanen 10 1 2 2
PowerPlay Forward
Center Left Wing Right Wing Time % Phy DF OF
1 Eric Staal Tanner Pearson Jimmy Hayes 60 1 1 3
2 Patrik Berglund Jake DeBrusk Kevin Labanc 40 1 1 3
PowerPlay Defense
Defense Defense Time % Phy DF OF
1 Erik Johnson Sami Vatanen 60 1 1 3
2 Esa Lindell Mathieu Brodeur 40 1 1 3
Penalty Kill 4 Players Forward
Center Wing Time % Phy DF OF
1 Patrik Berglund Brad Marchand 60 1 2 2
2 Eric Staal Bryan Rust 40 1 2 2
Penalty Kill 4 Players Defense
Defense Defense Time % Phy DF OF
1 Erik Johnson Sami Vatanen 60 1 2 2
2 Colby Robak Mathieu Brodeur 40 1 2 2
Penalty Kill - 3 Players Forward
Forward Time % Phy DF OF
1 Eric Staal 60 1 2 2
2 Patrik Berglund 40 1 2 2
Penalty Kill - 3 Players Defense
Defense Defense Time % Phy DF OF
1 Erik Johnson Sami Vatanen 60 1 2 2
2 Colby Robak Mathieu Brodeur 40 1 2 2
4 vs 4 Forward
Center Wing Time % Phy DF OF
1 Eric Staal Bryan Rust 60 1 2 2
2 Patrik Berglund Brad Marchand 40 1 2 2
4 vs 4 Defense
Defense Defense Time % Phy DF OF
1 Erik Johnson Sami Vatanen 60 1 2 2
2 Esa Lindell Mathieu Brodeur 40 1 2 2
Last Minutes Offensive
Center Left Wing Right Wing Defense Defense
Eric Staal Brad Marchand Bryan Rust Erik Johnson Sami Vatanen
Last Minutes Defensive
Center Left Wing Right Wing Defense Defense
Eric Staal Brad Marchand Bryan Rust Erik Johnson Sami Vatanen
Goaltenders
Starting : Christopher Gibson
Backup : Henrik Lundqvist
Extra Forwards
Normal : Tanner Pearson, Jimmy Hayes, Patrik Berglund - PP : Jake DeBrusk, Anders Lee - PK : Bryan Rust
Extra Defensemen
Normal : Colby Robak, Esa Lindell, Mathieu Brodeur - PP : Esa Lindell - PK : Mathieu Brodeur, David Savard
Penalty Shots
Eric Staal, Tanner Pearson, Jimmy Hayes, Kyle Palmieri, Patrik Berglund
Custom OT Lines Forwards
Eric Staal, Tanner Pearson, Patrik Berglund, Jimmy Hayes, Bryan Rust, Brad Marchand, Colin Wilson, Jake DeBrusk, Kevin Labanc, Kyle Palmieri
Custom OT Lines Defensemen
Erik Johnson, Sami Vatanen, Mathieu Brodeur, Esa Lindell, Colby Robak
Scratches
Chris Brown (Healthy), Christian Folin (Healthy), Matthew Nieto (Healthy), Victor Rask (Healthy)
Avalanche
5 vs 5 Forward
Center Left Wing Right Wing Time % Phy DF OF
1 Jean-Gabriel Pageau Mikkel Boedker Patric Hornqvist 34 0 2 3
2 Ryan O'Reilly Andrei Kuzmenko Rickard Rakell 33 0 2 3
3 Jared McCann James Van Riemsdyk Anthony Duclair 21 1 2 2
4 Kyle Turris Andrei Kuzmenko Luke Witkowski 12 1 3 1
5 vs 5 Defense
Defense Defense Time % Phy DF OF
1 Alexander Edler Jack Johnson 36 1 2 2
2 Jacob Slavin Erik Karlsson 30 1 2 2
3 Joel Edmundson David Rundblad 17 1 2 2
4 Joel Edmundson Stefan Elliott 17 1 2 2
PowerPlay Forward
Center Left Wing Right Wing Time % Phy DF OF
1 Jean-Gabriel Pageau Andrei Kuzmenko Patric Hornqvist 53 0 1 4
2 Ryan O'Reilly Mikkel Boedker Rickard Rakell 47 0 1 4
PowerPlay Defense
Defense Defense Time % Phy DF OF
1 Alexander Edler Erik Karlsson 57 0 2 3
2 Jack Johnson Jacob Slavin 43 0 2 3
Penalty Kill 4 Players Forward
Center Wing Time % Phy DF OF
1 Jean-Gabriel Pageau Luke Witkowski 50 1 3 1
2 Ryan O'Reilly Patric Hornqvist 50 1 3 1
Penalty Kill 4 Players Defense
Defense Defense Time % Phy DF OF
1 Jacob Slavin David Rundblad 55 1 3 1
2 Alexander Edler Jack Johnson 45 1 3 1
Penalty Kill - 3 Players Forward
Forward Time % Phy DF OF
1 Luke Witkowski 63 1 4 0
2 Rickard Rakell 37 1 4 0
Penalty Kill - 3 Players Defense
Defense Defense Time % Phy DF OF
1 Alexander Edler Jacob Slavin 58 1 4 0
2 Jack Johnson David Rundblad 42 1 4 0
4 vs 4 Forward
Center Wing Time % Phy DF OF
1 Jean-Gabriel Pageau Mikkel Boedker 55 1 2 2
2 Ryan O'Reilly Patric Hornqvist 45 1 2 2
4 vs 4 Defense
Defense Defense Time % Phy DF OF
1 Alexander Edler Jacob Slavin 55 1 2 2
2 Joel Edmundson David Rundblad 45 1 2 2
Last Minutes Offensive
Center Left Wing Right Wing Defense Defense
Jean-Gabriel Pageau Mikkel Boedker Patric Hornqvist Alexander Edler Erik Karlsson
Last Minutes Defensive
Center Left Wing Right Wing Defense Defense
Jean-Gabriel Pageau Mikkel Boedker Luke Witkowski David Rundblad Jacob Slavin
Goaltenders
Starting : Semyon Varlamov
Backup : Marek Mazanek
Extra Forwards
Normal : Anthony Duclair, Andrei Kuzmenko, Luke Witkowski - PP : Luke Witkowski, Anthony Duclair - PK : Ryan O'Reilly
Extra Defensemen
Normal : Alexander Edler, Joel Edmundson, Erik Karlsson - PP : Jack Johnson - PK : Jacob Slavin, David Rundblad
Penalty Shots
Andrei Kuzmenko, Mikkel Boedker, Patric Hornqvist, Kyle Turris, Anthony Duclair
Custom OT Lines Forwards
Mikkel Boedker, Andrei Kuzmenko, Patric Hornqvist, Ryan O'Reilly, Jean-Gabriel Pageau, Luke Witkowski, Rickard Rakell, James Van Riemsdyk, Jared McCann, Anthony Duclair
Custom OT Lines Defensemen
Jack Johnson, Jacob Slavin, Alexander Edler, Erik Karlsson, David Rundblad
Scratches
Bryan Little (Sprained Left Finger Injury), Jarred Tinordi (Healthy), Tobias Enstrom (Healthy)
% Time on Ice - Flames
Lines # - Real PCT - Wanted PCT - Time Play
Normal Forward
1 - 31% - 40% - 14:37
2 - 26% - 30% - 12:13
3 - 19% - 20% - 8:46
4 - 24% - 10% - 11:23
Normal Defense
1 - 42% - 40% - 19:47
2 - 31% - 30% - 14:26
3 - 20% - 20% - 9:16
4 - 7% - 10% - 3:30
PP Forward
1 - 54% - 60% - 4:51
2 - 46% - 40% - 4:05
PP Defense
1 - 54% - 60% - 4:52
2 - 46% - 40% - 4:04
PK Forward
1 - 83% - 60% - 3:23
2 - 17% - 40% - 0:42
PK Defense
1 - 63% - 60% - 2:35
2 - 37% - 40% - 1:30
PK3 Forward
1 - 0% - 60%
2 - 0% - 40%
PK3 Defense
1 - 0% - 60%
2 - 0% - 40%
44 Forward
1 - 0% - 60%
2 - 0% - 40%
44 Defense
1 - 0% - 60%
2 - 0% - 40%
Last Minute Offensive - 0:00
Last Minute Defensive - 0:00
Total
Forward - 60:00
Defense - 60:00
|
% Time on Ice - Avalanche
Lines # - Real PCT - Wanted PCT - Time Play
Normal Forward
1 - 37% - 34% - 17:23
2 - 27% - 33% - 12:55
3 - 22% - 21% - 10:22
4 - 13% - 12% - 6:19
Normal Defense
1 - 38% - 36% - 18:05
2 - 32% - 30% - 14:54
3 - 14% - 17% - 6:40
4 - 16% - 17% - 7:20
PP Forward
1 - 42% - 53% - 1:42
2 - 58% - 47% - 2:23
PP Defense
1 - 44% - 57% - 1:49
2 - 56% - 43% - 2:16
PK Forward
1 - 54% - 50% - 4:50
2 - 46% - 50% - 4:06
PK Defense
1 - 67% - 55% - 5:59
2 - 33% - 45% - 2:57
PK3 Forward
1 - 0% - 63%
2 - 0% - 37%
PK3 Defense
1 - 0% - 58%
2 - 0% - 42%
44 Forward
1 - 0% - 55%
2 - 0% - 45%
44 Defense
1 - 0% - 55%
2 - 0% - 45%
Last Minute Offensive - 0:00
Last Minute Defensive - 0:00
Total
Forward - 60:00
Defense - 60:00
|
Play-by-Play
1st period
0:01 of 1st period - Jean-Gabriel Pageau wins face-off versus Eric Staal in neutral zone.
0:14 of 1st period - Snap shot by Jean-Gabriel Pageau.
0:14 of 1st period - Stopped by Christopher Gibson without a rebound.
0:15 of 1st period - Patrik Berglund wins face-off versus Ryan O'Reilly in Flames zone.
0:28 of 1st period - Wrist shot by Jimmy Hayes.
0:28 of 1st period - Stopped by Semyon Varlamov without a rebound.
0:29 of 1st period - Colin Wilson wins face-off versus Jared McCann in Avalanche zone.
0:30 of 1st period - Wrist shot by Kevin Labanc.
0:30 of 1st period - Shot Misses the Net.
0:42 of 1st period - Wrist shot by Colin Wilson.
0:42 of 1st period - Shot Misses the Net.
0:52 of 1st period - Minor Penalty to Joel Edmundson for Holding.
0:53 of 1st period - Eric Staal wins face-off versus Jean-Gabriel Pageau in Avalanche zone.
1:02 of 1st period - Slapshot by Eric Staal.
1:02 of 1st period - Shot Misses the Net.
1:06 of 1st period - Snap shot by Eric Staal.
1:06 of 1st period - Shot Blocked by David Rundblad.
1:08 of 1st period - Snap shot by Jimmy Hayes.
1:08 of 1st period - Shot Hit the Post.
1:18 of 1st period - Erik Johnson is hit by Jacob Slavin and loses puck.
2:44 of 1st period - Sami Vatanen is hit by Jack Johnson and loses puck.
2:51 of 1st period - James Van Riemsdyk is hit by Jake DeBrusk.
2:52 of 1st period - Penalty to Joel Edmundson is over, Joel Edmundson is back on ice.
3:17 of 1st period - Brad Marchand is hit by Anthony Duclair and loses puck.
3:30 of 1st period - Slapshot by Anders Lee.
3:30 of 1st period - Shot Blocked by Erik Karlsson.
3:32 of 1st period - Wrist shot by Esa Lindell.
3:32 of 1st period - Stopped by Semyon Varlamov with a rebound.
3:38 of 1st period - Minor Penalty to Kyle Turris for Slashing.
3:39 of 1st period - Jean-Gabriel Pageau wins face-off versus Eric Staal in Avalanche zone.
5:38 of 1st period - Penalty to Kyle Turris is over, Kyle Turris is back on ice.
5:43 of 1st period - Wrist shot by Patric Hornqvist.
5:43 of 1st period - Shot Misses the Net.
7:18 of 1st period - Snap shot by Brad Marchand.
7:18 of 1st period - Stopped by Semyon Varlamov without a rebound.
7:19 of 1st period - Anders Lee wins face-off versus Kyle Turris in Avalanche zone.
7:26 of 1st period - Snap shot by Anders Lee.
7:26 of 1st period - Shot Misses the Net.
7:28 of 1st period - Snap shot by Brad Marchand.
7:28 of 1st period - Stopped by Semyon Varlamov without a rebound.
7:29 of 1st period - Jared McCann wins face-off versus Eric Staal in Avalanche zone.
7:38 of 1st period - Snap shot by Eric Staal.
7:38 of 1st period - Shot Misses the Net.
7:40 of 1st period - Slapshot by Bryan Rust.
7:40 of 1st period - Shot Misses the Net.
7:42 of 1st period - Snap shot by Sami Vatanen.
7:42 of 1st period - Stopped by Semyon Varlamov without a rebound.
7:43 of 1st period - Patrik Berglund wins face-off versus Jean-Gabriel Pageau in Avalanche zone.
8:42 of 1st period - Alexander Edler is hit by David Savard and loses puck.
8:47 of 1st period - Snap shot by James Van Riemsdyk.
8:47 of 1st period - Shot Blocked by Colby Robak.
8:49 of 1st period - Slapshot by Alexander Edler.
8:49 of 1st period - Stopped by Christopher Gibson without a rebound.
8:50 of 1st period - Jean-Gabriel Pageau wins face-off versus Patrik Berglund in Flames zone.
9:01 of 1st period - Slapshot by Patrik Berglund.
9:01 of 1st period - Stopped by Semyon Varlamov without a rebound.
9:02 of 1st period - Jean-Gabriel Pageau wins face-off versus Eric Staal in Avalanche zone.
10:38 of 1st period - Wrist shot by Ryan O'Reilly.
10:38 of 1st period - Stopped by Christopher Gibson with a rebound.
11:25 of 1st period - Wrist shot by Ryan O'Reilly.
11:25 of 1st period - Shot Misses the Net.
11:42 of 1st period - James Van Riemsdyk is hit by Jimmy Hayes and loses puck.
11:59 of 1st period - Icing by Jimmy Hayes.
12:00 of 1st period - Jean-Gabriel Pageau wins face-off versus Patrik Berglund in Flames zone.
12:07 of 1st period - Slapshot by Jimmy Hayes.
12:07 of 1st period - Shot Blocked by Alexander Edler.
12:17 of 1st period - Jean-Gabriel Pageau is hit by Esa Lindell and loses puck.
12:36 of 1st period - Slapshot by Alexander Edler.
12:36 of 1st period - Stopped by Christopher Gibson without a rebound.
12:37 of 1st period - Ryan O'Reilly wins face-off versus Eric Staal in Flames zone.
12:51 of 1st period - Wrist shot by Brad Marchand.
12:51 of 1st period - Shot Misses the Net.
12:53 of 1st period - Slapshot by Erik Johnson.
12:53 of 1st period - Shot Misses the Net.
13:21 of 1st period - Icing by Kevin Labanc.
13:22 of 1st period - Jean-Gabriel Pageau wins face-off versus Colin Wilson in Flames zone.
13:29 of 1st period - Slapshot by Jean-Gabriel Pageau.
13:29 of 1st period - Shot Misses the Net.
13:42 of 1st period - Wrist shot by Jake DeBrusk.
13:42 of 1st period - Shot Misses the Net.
14:09 of 1st period - Icing by Alexander Edler.
14:10 of 1st period - Jared McCann wins face-off versus Eric Staal in Avalanche zone.
14:14 of 1st period - Off-side.
14:15 of 1st period - Eric Staal wins face-off versus Jean-Gabriel Pageau in neutral zone.
14:32 of 1st period - Slapshot by Esa Lindell.
14:32 of 1st period - Deflect By Jean-Gabriel Pageau.
14:32 of 1st period - Stopped by Semyon Varlamov without a rebound.
14:33 of 1st period - Ryan O'Reilly wins face-off versus Patrik Berglund in Avalanche zone.
14:33 of 1st period - Ryan O'Reilly is hit by Jimmy Hayes.
14:41 of 1st period - Esa Lindell is hit by Ryan O'Reilly and loses puck.
14:52 of 1st period - Rickard Rakell is hit by Jimmy Hayes and loses puck.
15:07 of 1st period - Slapshot by Mikkel Boedker.
15:07 of 1st period - Shot Misses the Net.
15:09 of 1st period - Slapshot by Alexander Edler.
15:09 of 1st period - Stopped by Christopher Gibson with a rebound.
15:11 of 1st period - Snap shot by Jack Johnson.
15:11 of 1st period - Deflect By Jean-Gabriel Pageau.
15:11 of 1st period - Shot Misses the Net.
15:11 of 1st period - Puck is out of play.
15:12 of 1st period - Jean-Gabriel Pageau wins face-off versus Eric Staal in Flames zone.
15:15 of 1st period - Snap shot by Patric Hornqvist.
15:15 of 1st period - Stopped by Christopher Gibson without a rebound.
15:16 of 1st period - Eric Staal wins face-off versus Jean-Gabriel Pageau in Flames zone.
15:27 of 1st period - Slapshot by Jacob Slavin.
15:27 of 1st period - Stopped by Christopher Gibson with a rebound.
15:29 of 1st period - Slapshot by Erik Karlsson.
15:29 of 1st period - Stopped by Christopher Gibson with a rebound.
15:47 of 1st period - Snap shot by Anthony Duclair.
15:47 of 1st period - Shot Misses the Net.
16:19 of 1st period - Wrist shot by Tanner Pearson.
16:19 of 1st period - Shot Misses the Net.
16:21 of 1st period - Wrist shot by Jimmy Hayes.
16:21 of 1st period - Shot Blocked by Stefan Elliott.
16:27 of 1st period - Minor Penalty to Stefan Elliott for Holding.
16:28 of 1st period - Patrik Berglund wins face-off versus Jean-Gabriel Pageau in Avalanche zone.
16:39 of 1st period - Wrist shot by Patrik Berglund.
16:39 of 1st period - Stopped by Semyon Varlamov with a rebound.
16:41 of 1st period - Backhand shot by Esa Lindell.
16:41 of 1st period - Deflect By Jake DeBrusk.
16:41 of 1st period - Shot Misses the Net.
16:41 of 1st period - Puck is out of play.
16:42 of 1st period - Eric Staal wins face-off versus Ryan O'Reilly in Avalanche zone.
17:07 of 1st period - Esa Lindell is hit by Jean-Gabriel Pageau and loses puck.
18:27 of 1st period - Penalty to Stefan Elliott is over, Stefan Elliott is back on ice.
18:34 of 1st period - Wrist shot by James Van Riemsdyk.
18:34 of 1st period - Deflect By Jared McCann.
18:34 of 1st period - Stopped by Christopher Gibson with a rebound.
19:21 of 1st period - Snap shot by Jared McCann.
19:21 of 1st period - Shot Misses the Net.
19:37 of 1st period - Jimmy Hayes is hit by Erik Karlsson.
19:41 of 1st period - Jimmy Hayes is hit by Jack Johnson and loses puck.
19:51 of 1st period - Off-side.
19:52 of 1st period - Eric Staal wins face-off versus Mikkel Boedker in neutral zone.
Goals for this period are 0 for Flames vs 0 for Avalanche.
Shots for this period are 8 for Flames vs 9 for Avalanche.
2nd period
0:01 of 2nd period - Jean-Gabriel Pageau wins face-off versus Eric Staal in neutral zone.
2:03 of 2nd period - Slapshot by Jimmy Hayes.
2:03 of 2nd period - Stopped by Semyon Varlamov with a rebound.
2:19 of 2nd period - Wrist shot by Kevin Labanc.
2:19 of 2nd period - Shot Misses the Net.
2:21 of 2nd period - Snap shot by Sami Vatanen.
2:21 of 2nd period - Shot Misses the Net.
2:23 of 2nd period - Wrist shot by Kevin Labanc.
2:23 of 2nd period - Shot Blocked by David Rundblad.
2:29 of 2nd period - Minor Penalty to Jean-Gabriel Pageau for Hooking.
2:30 of 2nd period - Jimmy Hayes wins face-off versus Patric Hornqvist in Avalanche zone.
2:37 of 2nd period - Snap shot by Jimmy Hayes.
2:37 of 2nd period - Stopped by Semyon Varlamov without a rebound.
2:38 of 2nd period - Eric Staal wins face-off versus Ryan O'Reilly in Avalanche zone.
2:39 of 2nd period - Snap shot by Tanner Pearson.
2:39 of 2nd period - Stopped by Semyon Varlamov without a rebound.
2:40 of 2nd period - Ryan O'Reilly wins face-off versus Eric Staal in Avalanche zone.
2:59 of 2nd period - Snap shot by Eric Staal.
2:59 of 2nd period - Stopped by Semyon Varlamov with a rebound.
3:01 of 2nd period - Slapshot by Sami Vatanen.
3:01 of 2nd period - Shot Blocked by David Rundblad.
3:03 of 2nd period - Snap shot by Tanner Pearson.
3:03 of 2nd period - Stopped by Semyon Varlamov with a rebound.
3:05 of 2nd period - Slapshot by Jimmy Hayes.
3:05 of 2nd period - Stopped by Semyon Varlamov with a rebound.
3:13 of 2nd period - Wrist shot by Eric Staal.
3:13 of 2nd period - Stopped by Semyon Varlamov with a rebound.
3:15 of 2nd period - Slapshot by Erik Johnson.
3:15 of 2nd period - Shot Blocked by Jacob Slavin.
3:25 of 2nd period - Slapshot by Eric Staal.
3:25 of 2nd period - Stopped by Semyon Varlamov with a rebound.
3:27 of 2nd period - Slapshot by Erik Johnson.
3:27 of 2nd period - Stopped by Semyon Varlamov with a rebound.
3:29 of 2nd period - Slapshot by Tanner Pearson.
3:29 of 2nd period - Goal by Tanner Pearson - Flames : 1 - Avalanche : 0.
3:30 of 2nd period - Colin Wilson wins face-off versus Jean-Gabriel Pageau in neutral zone.
4:06 of 2nd period - David Savard is hit by Jacob Slavin and loses puck.
5:18 of 2nd period - Wrist shot by Anders Lee.
5:18 of 2nd period - Shot Misses the Net.
5:20 of 2nd period - Snap shot by Kyle Palmieri.
5:20 of 2nd period - Stopped by Semyon Varlamov with a rebound.
5:22 of 2nd period - Slapshot by Sami Vatanen.
5:22 of 2nd period - Shot Blocked by Erik Karlsson.
6:36 of 2nd period - Wrist shot by Mikkel Boedker.
6:36 of 2nd period - Shot Misses the Net.
7:01 of 2nd period - Anders Lee is hit by Patric Hornqvist and loses puck.
7:17 of 2nd period - Erik Johnson is hit by Jean-Gabriel Pageau and loses puck.
7:24 of 2nd period - Patric Hornqvist is hit by Erik Johnson and loses puck.
7:41 of 2nd period - Snap shot by David Ullstrom.
7:41 of 2nd period - Shot Misses the Net.
8:01 of 2nd period - Snap shot by Mikkel Boedker.
8:01 of 2nd period - Stopped by Christopher Gibson without a rebound.
8:02 of 2nd period - Bryan Rust wins face-off versus Ryan O'Reilly in Flames zone.
8:07 of 2nd period - Snap shot by Bryan Rust.
8:07 of 2nd period - Goal by Bryan Rust - Flames : 2 - Avalanche : 0.
8:08 of 2nd period - Ryan O'Reilly wins face-off versus Eric Staal in neutral zone.
8:11 of 2nd period - Snap shot by Andrei Kuzmenko.
8:11 of 2nd period - Stopped by Christopher Gibson without a rebound.
8:12 of 2nd period - Ryan O'Reilly wins face-off versus Eric Staal in Flames zone.
8:44 of 2nd period - Wrist shot by James Van Riemsdyk.
8:44 of 2nd period - Stopped by Christopher Gibson with a rebound.
9:03 of 2nd period - Wrist shot by Luke Witkowski.
9:03 of 2nd period - Stopped by Christopher Gibson with a rebound.
9:05 of 2nd period - Wrist shot by Andrei Kuzmenko.
9:05 of 2nd period - Shot Misses the Net.
9:07 of 2nd period - Snap shot by Luke Witkowski.
9:07 of 2nd period - Stopped by Christopher Gibson with a rebound.
9:57 of 2nd period - Icing by Colby Robak.
9:58 of 2nd period - Patrik Berglund wins face-off versus Ryan O'Reilly in Flames zone.
10:05 of 2nd period - Wrist shot by Jack Johnson.
10:05 of 2nd period - Deflect By Tanner Pearson.
10:05 of 2nd period - Stopped by Christopher Gibson without a rebound.
10:06 of 2nd period - Ryan O'Reilly wins face-off versus Eric Staal in Flames zone.
10:10 of 2nd period - Minor Penalty to Eric Staal for Tripping.
10:11 of 2nd period - Patrik Berglund wins face-off versus Ryan O'Reilly in Flames zone.
12:10 of 2nd period - Penalty to Eric Staal is over, Eric Staal is back on ice.
12:16 of 2nd period - Slapshot by Jake DeBrusk.
12:16 of 2nd period - Shot Blocked by Andrei Kuzmenko.
14:00 of 2nd period - Minor Penalty to Anders Lee for Interference.
14:01 of 2nd period - Andrei Kuzmenko wins face-off versus Patrik Berglund in Flames zone.
14:01 of 2nd period - Slapshot by Jean-Gabriel Pageau.
14:01 of 2nd period - Shot Blocked by Sami Vatanen.
14:03 of 2nd period - Wrist shot by Andrei Kuzmenko.
14:03 of 2nd period - Shot Misses the Net.
14:05 of 2nd period - Wrist shot by Jean-Gabriel Pageau.
14:05 of 2nd period - Shot Misses the Net.
14:07 of 2nd period - Wrist shot by Jean-Gabriel Pageau.
14:07 of 2nd period - Stopped by Christopher Gibson without a rebound.
14:08 of 2nd period - Patrik Berglund wins face-off versus Jean-Gabriel Pageau in Flames zone.
14:17 of 2nd period - Brad Marchand is hit by Jean-Gabriel Pageau and loses puck.
16:00 of 2nd period - Penalty to Anders Lee is over, Anders Lee is back on ice.
17:04 of 2nd period - Snap shot by Brad Marchand.
17:04 of 2nd period - Shot Misses the Net.
17:59 of 2nd period - Icing by Kyle Palmieri.
18:00 of 2nd period - Anders Lee wins face-off versus Jean-Gabriel Pageau in Flames zone.
18:05 of 2nd period - Erik Karlsson is hit by David Ullstrom and loses puck.
18:27 of 2nd period - Icing by Jean-Gabriel Pageau.
18:28 of 2nd period - Eric Staal wins face-off versus Jean-Gabriel Pageau in Avalanche zone.
19:47 of 2nd period - Slapshot by Andrei Kuzmenko.
19:47 of 2nd period - Deflect By Brad Marchand.
19:47 of 2nd period - Stopped by Christopher Gibson without a rebound.
19:48 of 2nd period - Patrik Berglund wins face-off versus Jean-Gabriel Pageau in Flames zone.
19:53 of 2nd period - Snap shot by Jean-Gabriel Pageau.
19:53 of 2nd period - Shot Misses the Net.
19:55 of 2nd period - Wrist shot by Jean-Gabriel Pageau.
19:55 of 2nd period - Goal by Jean-Gabriel Pageau - Flames : 2 - Avalanche : 1.
19:56 of 2nd period - Ryan O'Reilly wins face-off versus Eric Staal in neutral zone.
19:59 of 2nd period - Brad Marchand is hit by Jack Johnson and loses puck.
Goals for this period are 2 for Flames vs 1 for Avalanche.
Shots for this period are 12 for Flames vs 9 for Avalanche.
3rd period
0:01 of 3rd period - Ryan O'Reilly wins face-off versus Eric Staal in neutral zone.
0:14 of 3rd period - Snap shot by Ryan O'Reilly.
0:14 of 3rd period - Stopped by Christopher Gibson without a rebound.
0:15 of 3rd period - Patrik Berglund wins face-off versus Ryan O'Reilly in Flames zone.
0:22 of 3rd period - Snap shot by Patrik Berglund.
0:22 of 3rd period - Stopped by Semyon Varlamov with a rebound.
0:34 of 3rd period - Erik Johnson is hit by Rickard Rakell and loses puck.
0:55 of 3rd period - Snap shot by Mikkel Boedker.
0:55 of 3rd period - Shot Blocked by Sami Vatanen.
1:12 of 3rd period - Minor Penalty to David Rundblad for Tripping.
1:13 of 3rd period - Ryan O'Reilly wins face-off versus Eric Staal in Avalanche zone.
3:12 of 3rd period - Penalty to David Rundblad is over, David Rundblad is back on ice.
3:32 of 3rd period - Snap shot by David Rundblad.
3:32 of 3rd period - Stopped by Christopher Gibson with a rebound.
3:34 of 3rd period - Snap shot by James Van Riemsdyk.
3:34 of 3rd period - Shot Misses the Net.
3:36 of 3rd period - Wrist shot by David Rundblad.
3:36 of 3rd period - Shot Misses the Net.
3:38 of 3rd period - Snap shot by James Van Riemsdyk.
3:38 of 3rd period - Shot Misses the Net.
3:40 of 3rd period - Wrist shot by James Van Riemsdyk.
3:40 of 3rd period - Shot Misses the Net.
3:42 of 3rd period - Slapshot by David Rundblad.
3:42 of 3rd period - Stopped by Christopher Gibson with a rebound.
4:04 of 3rd period - Wrist shot by David Rundblad.
4:04 of 3rd period - Shot Blocked by Mathieu Brodeur.
4:40 of 3rd period - Wrist shot by Ryan O'Reilly.
4:40 of 3rd period - Stopped by Christopher Gibson with a rebound.
4:42 of 3rd period - Wrist shot by David Rundblad.
4:42 of 3rd period - Deflect By James Van Riemsdyk.
4:42 of 3rd period - Stopped by Christopher Gibson with a rebound.
5:10 of 3rd period - Snap shot by David Rundblad.
5:10 of 3rd period - Stopped by Christopher Gibson with a rebound.
5:12 of 3rd period - Snap shot by David Rundblad.
5:12 of 3rd period - Shot Misses the Net.
5:14 of 3rd period - Wrist shot by David Rundblad.
5:14 of 3rd period - Shot Misses the Net.
5:16 of 3rd period - Slapshot by Erik Karlsson.
5:16 of 3rd period - Stopped by Christopher Gibson without a rebound.
5:17 of 3rd period - Eric Staal wins face-off versus Jean-Gabriel Pageau in Flames zone.
5:32 of 3rd period - Wrist shot by Mikkel Boedker.
5:32 of 3rd period - Stopped by Christopher Gibson with a rebound.
5:55 of 3rd period - Snap shot by Jimmy Hayes.
5:55 of 3rd period - Shot Misses the Net.
5:57 of 3rd period - Snap shot by Sami Vatanen.
5:57 of 3rd period - Deflect By Joel Edmundson.
5:57 of 3rd period - Goal by Sami Vatanen - Flames : 3 - Avalanche : 1.
5:58 of 3rd period - Jean-Gabriel Pageau wins face-off versus Eric Staal in neutral zone.
6:11 of 3rd period - Snap shot by Bryan Rust.
6:11 of 3rd period - Shot Misses the Net.
6:13 of 3rd period - Slapshot by Bryan Rust.
6:13 of 3rd period - Goal by Bryan Rust - Flames : 4 - Avalanche : 1.
6:14 of 3rd period - Jean-Gabriel Pageau wins face-off versus Eric Staal in neutral zone.
6:41 of 3rd period - Andrei Kuzmenko is hit by Sami Vatanen and loses puck.
7:02 of 3rd period - Slapshot by Sami Vatanen.
7:02 of 3rd period - Shot Misses the Net.
7:04 of 3rd period - Wrist shot by Jake DeBrusk.
7:04 of 3rd period - Stopped by Semyon Varlamov with a rebound.
7:06 of 3rd period - Wrist shot by Jake DeBrusk.
7:06 of 3rd period - Goal by Jake DeBrusk - Flames : 5 - Avalanche : 1.
7:07 of 3rd period - Ryan O'Reilly wins face-off versus Eric Staal in neutral zone.
7:39 of 3rd period - Snap shot by Jimmy Hayes.
7:39 of 3rd period - Shot Misses the Net.
7:41 of 3rd period - Slapshot by Erik Johnson.
7:41 of 3rd period - Deflect By Patric Hornqvist.
7:41 of 3rd period - Stopped by Semyon Varlamov without a rebound.
7:42 of 3rd period - Patrik Berglund wins face-off versus Jean-Gabriel Pageau in Avalanche zone.
7:50 of 3rd period - Icing by Jean-Gabriel Pageau.
7:51 of 3rd period - Jean-Gabriel Pageau wins face-off versus Patrik Berglund in Avalanche zone.
8:02 of 3rd period - Snap shot by Mikkel Boedker.
8:02 of 3rd period - Stopped by Christopher Gibson without a rebound.
8:03 of 3rd period - Ryan O'Reilly wins face-off versus Eric Staal in Flames zone.
8:16 of 3rd period - Slapshot by Ryan O'Reilly.
8:16 of 3rd period - Shot Misses the Net.
8:18 of 3rd period - Wrist shot by Ryan O'Reilly.
8:18 of 3rd period - Goal by Ryan O'Reilly - Flames : 5 - Avalanche : 2.
8:19 of 3rd period - Ryan O'Reilly wins face-off versus Eric Staal in neutral zone.
8:50 of 3rd period - Slapshot by Anthony Duclair.
8:50 of 3rd period - Stopped by Christopher Gibson with a rebound.
9:10 of 3rd period - Patrik Berglund is hit by Patric Hornqvist.
9:34 of 3rd period - Slapshot by Colin Wilson.
9:34 of 3rd period - Shot Misses the Net.
9:36 of 3rd period - Snap shot by Jake DeBrusk.
9:36 of 3rd period - Shot Misses the Net.
10:18 of 3rd period - Snap shot by Mikkel Boedker.
10:18 of 3rd period - Shot Blocked by Jimmy Hayes.
10:38 of 3rd period - Snap shot by Andrei Kuzmenko.
10:38 of 3rd period - Stopped by Christopher Gibson with a rebound.
11:04 of 3rd period - Minor Penalty to David Savard for Tripping.
11:05 of 3rd period - Jean-Gabriel Pageau wins face-off versus Patrik Berglund in Flames zone.
11:09 of 3rd period - Wrist shot by Andrei Kuzmenko.
11:09 of 3rd period - Shot Blocked by Patrik Berglund.
11:11 of 3rd period - Snap shot by Jean-Gabriel Pageau.
11:11 of 3rd period - Goal by Jean-Gabriel Pageau - Flames : 5 - Avalanche : 3.
11:12 of 3rd period - Ryan O'Reilly wins face-off versus Eric Staal in neutral zone.
11:39 of 3rd period - Jimmy Hayes is hit by Alexander Edler and loses puck.
11:59 of 3rd period - Icing by Erik Johnson.
12:00 of 3rd period - Colin Wilson wins face-off versus Anthony Duclair in Flames zone.
12:37 of 3rd period - Snap shot by Brad Marchand.
12:37 of 3rd period - Shot Misses the Net.
13:25 of 3rd period - Off-side.
13:26 of 3rd period - Luke Witkowski wins face-off versus Eric Staal in neutral zone.
13:29 of 3rd period - Slapshot by Erik Karlsson.
13:29 of 3rd period - Stopped by Christopher Gibson without a rebound.
13:30 of 3rd period - Kyle Turris wins face-off versus Eric Staal in Flames zone.
13:31 of 3rd period - Snap shot by Andrei Kuzmenko.
13:31 of 3rd period - Shot Blocked by Bryan Rust.
14:20 of 3rd period - Snap shot by Kevin Labanc.
14:20 of 3rd period - Stopped by Semyon Varlamov without a rebound.
14:21 of 3rd period - Ryan O'Reilly wins face-off versus Colin Wilson in Avalanche zone.
14:31 of 3rd period - Wrist shot by Andrei Kuzmenko.
14:31 of 3rd period - Goal by Andrei Kuzmenko - Flames : 5 - Avalanche : 4.
14:32 of 3rd period - Eric Staal wins face-off versus Ryan O'Reilly in neutral zone.
14:35 of 3rd period - Wrist shot by Brad Marchand.
14:35 of 3rd period - Stopped by Semyon Varlamov without a rebound.
14:36 of 3rd period - Ryan O'Reilly wins face-off versus Eric Staal in Avalanche zone.
15:29 of 3rd period - Wrist shot by Jake DeBrusk.
15:29 of 3rd period - Deflect By Kevin Labanc.
15:29 of 3rd period - Shot Misses the Net.
15:29 of 3rd period - Puck is out of play.
15:30 of 3rd period - Colin Wilson wins face-off versus Jared McCann in Avalanche zone.
15:37 of 3rd period - Wrist shot by Kevin Labanc.
15:37 of 3rd period - Stopped by Semyon Varlamov with a rebound.
16:21 of 3rd period - Slapshot by Jacob Slavin.
16:21 of 3rd period - Stopped by Christopher Gibson with a rebound.
16:23 of 3rd period - Snap shot by Jean-Gabriel Pageau.
16:23 of 3rd period - Shot Misses the Net.
16:25 of 3rd period - Wrist shot by Jean-Gabriel Pageau.
16:25 of 3rd period - Goal by Jean-Gabriel Pageau - Flames : 5 - Avalanche : 5.
16:26 of 3rd period - Jared McCann wins face-off versus Colin Wilson in neutral zone.
16:39 of 3rd period - Snap shot by Jake DeBrusk.
16:39 of 3rd period - Stopped by Semyon Varlamov with a rebound.
16:41 of 3rd period - Wrist shot by Erik Johnson.
16:41 of 3rd period - Shot Misses the Net.
16:43 of 3rd period - Slapshot by Sami Vatanen.
16:43 of 3rd period - Deflect By Colin Wilson.
16:43 of 3rd period - Shot Blocked by Jack Johnson.
16:43 of 3rd period - Puck is out of play.
16:44 of 3rd period - Kyle Turris wins face-off versus Eric Staal in Avalanche zone.
16:59 of 3rd period - Slapshot by Eric Staal.
16:59 of 3rd period - Shot Misses the Net.
17:11 of 3rd period - Jared McCann is hit by Colin Wilson and loses puck.
19:22 of 3rd period - Erik Johnson is hit by Jean-Gabriel Pageau and loses puck.
Goals for this period are 3 for Flames vs 4 for Avalanche.
Shots for this period are 10 for Flames vs 17 for Avalanche.
Overtime #1
0:01 of 1st overtime period - Eric Staal wins face-off versus Mikkel Boedker in neutral zone.
0:04 of 1st overtime period - Slapshot by Erik Johnson.
0:04 of 1st overtime period - Stopped by Semyon Varlamov without a rebound.
0:05 of 1st overtime period - Eric Staal wins face-off versus Mikkel Boedker in Avalanche zone.
0:06 of 1st overtime period - Wrist shot by Tanner Pearson.
0:06 of 1st overtime period - Stopped by Semyon Varlamov with a rebound.
0:08 of 1st overtime period - Snap shot by Tanner Pearson.
0:08 of 1st overtime period - Goal by Tanner Pearson - Flames : 6 - Avalanche : 5.
Goals for this period are 1 for Flames vs 0 for Avalanche.
Shots for this period are 3 for Flames vs 0 for Avalanche.